NYP
STATE COLLEGE SPIKES @ WILLIAMSPORT CROSSCUTTERS
09/06/2045
 
TOP OF THE 1ST
State College Spikes batting - Pitching for Williamsport Crosscutters : RHP Justin Ashton
Pitching: RHP Justin Ashton
Batting: RHB Fortunato Fteira 0-0: Ball
1-0: Ball
2-0: Ball
3-0: Called Strike
3-1: Base on Balls
Batting: RHB Mike Zimmerly 0-0: Ball
1-0: SINGLE (Line Drive, 4MD, EV 94.4 MPH)
Fortunato Fteira to second
Batting: RHB Josh Martin 0-0: Ball
1-0: Fly out, F8 (Flyball, 8LM, EV 95.6 MPH)
Batting: RHB Jose Jimenez 0-0: Ball
1-0: Ball
2-0: SINGLE (Line Drive, 8RS, EV 100.6 MPH)
Fortunato Fteira to third
Mike Zimmerly to second
Batting: RHB Josh Broome 0-0: Ball
1-0: Swinging Strike
1-1: Swinging Strike
1-2: Foul Ball, location: 2F
1-2: Ball
2-2: Foul Ball, location: 2F
2-2: Ball
3-2: Fly out, F7 (Flyball, 78D, EV 105.6 MPH)
Runner from 3rd tags up, SCORES, throw by LF
Mike Zimmerly to third
Batting: RHB Tyler Walker 0-0: Ball
1-0: Foul Ball, location: 2F
1-1: Swinging Strike
1-2: Strikes out swinging
Top of the 1st over - 1 run, 2 hits, 0 errors, 2 left on base; State College 1 - Williamsport 0
BOTTOM OF THE 1ST
Williamsport Crosscutters batting - Pitching for State College Spikes : RHP Danny Cook
Pitching: RHP Danny Cook
Batting: RHB Tony Perez 0-0: Ball
1-0: Ball
2-0: Ground out 1-3 (Groundball, 13S, EV 70.0 MPH)
Batting: RHB Alan Weller 0-0: Ball
1-0: Called Strike
1-1: Ball
2-1: Swinging Strike
2-2: Ball
3-2: Foul Ball, location: 2F
3-2: Base on Balls
Batting: LHB Eric Farren 0-0: Fly out, F8 (Flyball, 89M, EV 90.6 MPH)
Batting: RHB Allen Gravel 0-0: Called Strike
0-1: Ball
1-1: Ball
2-1: Foul Ball, location: 2F
2-2: Ball
3-2: Foul Ball, location: 2F
3-2: Base on Balls
Alan Weller to second
Batting: SHB Jeff Echt 0-0: Foul Ball, location: 2F
0-1: Called Strike
0-2: Ball
1-2: Ball
2-2: Ball
3-2: Base on Balls
Alan Weller to third
Allen Gravel to second
Batting: RHB Trent Hedrick 0-0: Called Strike
0-1: Foul Ball, location: 2F
0-2: Strikes out swinging
Bottom of the 1st over - 0 runs, 0 hits, 0 errors, 3 left on base; State College 1 - Williamsport 0
TOP OF THE 2ND
State College Spikes batting - Pitching for Williamsport Crosscutters : RHP Justin Ashton
Batting: RHB Tim Cleary 0-0: Called Strike
0-1: Foul Ball, location: 2F
0-2: Ball
1-2: Ball
2-2: Ball
3-2: Ground out 5-3 (Groundball, 56, EV 109.4 MPH)
Batting: RHB Richard Riggs 0-0: Ball
1-0: Ball
2-0: Foul Ball, location: 2F
2-1: Ground out 2-3 (Groundball, 15S, EV 70.6 MPH)
Batting: RHB Vic Nelson 0-0: Ball
1-0: Ground out 5-3 (Groundball, 56, EV 95.0 MPH)
Top of the 2nd over - 0 runs, 0 hits, 0 errors, 0 left on base; State College 1 - Williamsport 0
BOTTOM OF THE 2ND
Williamsport Crosscutters batting - Pitching for State College Spikes : RHP Danny Cook
Batting: RHB Jake Cox 0-0: Foul Ball, location: 2F
0-1: Ball
1-1: Swinging Strike
1-2: Ball
2-2: Strikes out swinging
Batting: LHB Manoel Camp 0-0: Called Strike
0-1: Swinging Strike
0-2: Foul Ball, location: 2F
0-2: Ball
1-2: Strikes out swinging
Batting: RHB Jimmy Misener 0-0: Ball
1-0: Ball
2-0: Ball
3-0: Base on Balls
Batting: RHB Tony Perez 0-0: Ball
Wild Pitch!
Jimmy Misener to second
1-0: Called Strike
1-1: Ball
2-1: SINGLE (Line Drive, 34D, EV 95.0 MPH)
Jimmy Misener to third
Runner from 3rd tries for Home, throw by RF and OUT! 9-2
Bottom of the 2nd over - 0 runs, 1 hit, 0 errors, 1 left on base; State College 1 - Williamsport 0
TOP OF THE 3RD
State College Spikes batting - Pitching for Williamsport Crosscutters : RHP Justin Ashton
Batting: RHB Fortunato Fteira 0-0: Ball
1-0: Fly out, F9 (Flyball, 9, EV 89.4 MPH)
Batting: RHB Mike Zimmerly 0-0: Called Strike
0-1: Ground out 4-3 (Groundball, 4, EV 83.1 MPH)
Batting: RHB Josh Martin 0-0: SINGLE (Flyball, 89S, EV 88.8 MPH)
Batting: RHB Jose Jimenez 0-0: Ball
Josh Martin steals 2nd base
1-0: Ball
2-0: DOUBLE (Flyball, 89XD, EV 93.8 MPH)
Josh Martin scores
Batting: RHB Josh Broome 0-0: Foul Ball, location: 2F
0-1: Called Strike
0-2: Ball
1-2: Ball
2-2: Strikes out swinging
Top of the 3rd over - 1 run, 2 hits, 0 errors, 1 left on base; State College 2 - Williamsport 0
BOTTOM OF THE 3RD
Williamsport Crosscutters batting - Pitching for State College Spikes : RHP Danny Cook
Batting: RHB Alan Weller 0-0: Ball
1-0: Ball
2-0: Ground out 5-3 (Groundball, 56, EV 86.2 MPH)
Batting: LHB Eric Farren 0-0: Ball
1-0: Ball
2-0: Called Strike
2-1: Ground out 4-3 (Groundball, 4D, EV 106.9 MPH)
Batting: RHB Allen Gravel 0-0: Swinging Strike
0-1: Swinging Strike
0-2: Strikes out looking
Bottom of the 3rd over - 0 runs, 0 hits, 0 errors, 0 left on base; State College 2 - Williamsport 0
TOP OF THE 4TH
State College Spikes batting - Pitching for Williamsport Crosscutters : RHP Justin Ashton
Batting: RHB Tyler Walker 0-0: Foul Ball, location: 2F
0-1: Foul Ball, location: 2F
0-2: Ball
1-2: Strikes out looking
Batting: RHB Tim Cleary 0-0: Ball
1-0: Called Strike
1-1: SINGLE (Line Drive, 7LS, EV 111.2 MPH)
Batting: RHB Richard Riggs 0-0: Ball
Tim Cleary steals 2nd, throwing error, E2
Tim Cleary to third
1-0: Called Strike
1-1: Ball
2-1: Ground out 4-3 (Groundball, 4D, EV 101.2 MPH)
Tim Cleary scores
Batting: RHB Vic Nelson 0-0: Swinging Strike
0-1: Ball
1-1: Ball
2-1: Ground out 6-3 (Groundball, 6, EV 91.2 MPH)
Top of the 4th over - 1 run, 1 hit, 1 error, 0 left on base; State College 3 - Williamsport 0
BOTTOM OF THE 4TH
Williamsport Crosscutters batting - Pitching for State College Spikes : RHP Danny Cook
Batting: SHB Jeff Echt 0-0: Ball
1-0: Ball
2-0: Called Strike
2-1: Ball
3-1: Called Strike
3-2: Base on Balls
Batting: RHB Trent Hedrick 0-0: Ball
1-0: Grounds into double play, 6-4-3 (Groundball, 6, EV 101.2 MPH)
Batting: RHB Jake Cox 0-0: Called Strike
0-1: Foul Ball, location: 2F
0-2: Strikes out swinging
Bottom of the 4th over - 0 runs, 0 hits, 0 errors, 0 left on base; State College 3 - Williamsport 0
TOP OF THE 5TH
State College Spikes batting - Pitching for Williamsport Crosscutters : RHP Justin Ashton
Batting: RHB Fortunato Fteira 0-0: Foul Ball, location: 2F
0-1: Swinging Strike
0-2: Ball
1-2: Ball
2-2: Ball
3-2: Strikes out swinging
Batting: RHB Mike Zimmerly 0-0: Called Strike
0-1: Called Strike
0-2: Ground out 6-3 (Groundball, 6, EV 89.4 MPH)
Pitching: RHP Junzo Fujii
Batting: RHB Josh Martin 0-0: Called Strike
0-1: Foul Ball, location: 2F
0-2: Ball
1-2: Strikes out swinging
Top of the 5th over - 0 runs, 0 hits, 0 errors, 0 left on base; State College 3 - Williamsport 0
BOTTOM OF THE 5TH
Williamsport Crosscutters batting - Pitching for State College Spikes : RHP Danny Cook
Batting: LHB Manoel Camp 0-0: Called Strike
0-1: Ball
1-1: Ball
2-1: Ball
3-1: Called Strike
3-2: Foul Ball, location: 2F
3-2: Foul Ball, location: 2F
3-2: Base on Balls
Batting: RHB Jimmy Misener 0-0: Ball
1-0: Foul Ball, location: 2F
1-1: Called Strike
1-2: Foul Ball, location: 2F
1-2: Strikes out looking
Batting: RHB Tony Perez 0-0: Foul Ball, location: 2F
0-1: Ball
1-1: Foul Ball, location: 2F
1-2: Ball
2-2: Ball
3-2: Foul Ball, location: 2F
3-2: Fly out, F8 (Flyball, 78S, EV 85.6 MPH)
Batting: RHB Alan Weller 0-0: Called Strike
0-1: Ground out 4-3 (Groundball, 4, EV 109.4 MPH)
Bottom of the 5th over - 0 runs, 0 hits, 0 errors, 1 left on base; State College 3 - Williamsport 0
TOP OF THE 6TH
State College Spikes batting - Pitching for Williamsport Crosscutters : RHP Junzo Fujii
Batting: RHB Jose Jimenez 0-0: Ball
1-0: Swinging Strike
1-1: Swinging Strike
1-2: Ball
2-2: Ball
3-2: Strikes out swinging
Batting: RHB Josh Broome 0-0: Called Strike
0-1: Ball
1-1: Ball
2-1: Ball
3-1: DOUBLE (Line Drive, 89D, EV 105.6 MPH)
Batting: RHB Tyler Walker 0-0: Called Strike
0-1: SINGLE (Flyball, 7LS, EV 90.6 MPH)
Josh Broome to third
Batting: RHB Tim Cleary 0-0: Ground out 5-3 (Groundball, 6S, EV 84.4 MPH)
Tyler Walker to second
Batting: RHB Richard Riggs 0-0: Ball
1-0: Ball
Wild Pitch!
Josh Broome scores
Tyler Walker to third
2-0: Fly out, F5 (Popup, 5SF, EV 73.8 MPH)
Top of the 6th over - 1 run, 2 hits, 0 errors, 1 left on base; State College 4 - Williamsport 0
BOTTOM OF THE 6TH
Williamsport Crosscutters batting - Pitching for State College Spikes : RHP Danny Cook
Batting: LHB Eric Farren 0-0: Ball
1-0: Ball
2-0: Called Strike
2-1: Called Strike
2-2: Ball
3-2: Base on Balls
Batting: RHB Allen Gravel 0-0: Ground out 5-3 (Groundball, 56, EV 100.6 MPH)
Eric Farren to second
Batting: SHB Jeff Echt 0-0: Called Strike
0-1: Called Strike
0-2: Ball
1-2: Ball
2-2: Foul Ball, location: 2F
2-2: Ground out 4-3 (Groundball, 4, EV 103.1 MPH)
Eric Farren to third
Batting: RHB Trent Hedrick 0-0: Swinging Strike
0-1: Ball
1-1: Swinging Strike
1-2: Ball
2-2: Foul Ball, location: 2F
2-2: Foul Ball, location: 2F
2-2: Ball
3-2: Foul Ball, location: 2F
3-2: Base on Balls
Pitching: RHP Ed Puentes
Batting: RHB Jake Cox 0-0: Ball
1-0: Called Strike
1-1: Foul Ball, location: 2F
1-2: Ball
2-2: Ball
3-2: Strikes out looking
Bottom of the 6th over - 0 runs, 0 hits, 0 errors, 2 left on base; State College 4 - Williamsport 0
TOP OF THE 7TH
State College Spikes batting - Pitching for Williamsport Crosscutters : RHP Junzo Fujii
Pitching: RHP Tony Trevino
Batting: RHB Vic Nelson 0-0: Called Strike
0-1: Swinging Strike
0-2: Strikes out swinging
Batting: RHB Fortunato Fteira 0-0: Ball
1-0: Called Strike
1-1: Swinging Strike
1-2: Ball
2-2: Strikes out swinging
Batting: RHB Mike Zimmerly 0-0: Called Strike
0-1: Hit by Pitch
Batting: RHB Josh Martin 0-0: Ball
Mike Zimmerly steals 2nd base
1-0: Ground out 6-3 (Groundball, 6S, EV 81.9 MPH)
Top of the 7th over - 0 runs, 0 hits, 0 errors, 1 left on base; State College 4 - Williamsport 0
BOTTOM OF THE 7TH
Williamsport Crosscutters batting - Pitching for State College Spikes : RHP Ed Puentes
Pitching: LHP Carlos Salcido
Batting: LHB Manoel Camp 0-0: Ball
1-0: Called Strike
1-1: Foul Ball, location: 2F
1-2: Ground out 4-3 (Groundball, 4MD, EV 108.8 MPH)
Batting: RHB Jimmy Misener 0-0: DOUBLE (Line Drive, 9LM, EV 106.2 MPH)
Batting: RHB Tony Perez 0-0: Called Strike
0-1: Foul Ball, location: 2F
0-2: Ball
1-2: Strikes out looking
Batting: RHB Alan Weller 0-0: Called Strike
0-1: Fly out, F7 (Flyball, 7D, EV 98.1 MPH)
Bottom of the 7th over - 0 runs, 1 hit, 0 errors, 1 left on base; State College 4 - Williamsport 0
TOP OF THE 8TH
State College Spikes batting - Pitching for Williamsport Crosscutters : RHP Tony Trevino
Pitching: RHP Pat Stone
Batting: RHB Jose Jimenez 0-0: Called Strike
0-1: Foul Ball, location: 2F
0-2: Ground out 4-3 (Groundball, 4M, EV 102.5 MPH)
Batting: RHB Josh Broome 0-0: Ball
1-0: Called Strike
1-1: Ball
2-1: Called Strike
2-2: Foul Ball, location: 2F
2-2: Ball
3-2: Fly out, F8 (Line Drive, 8RM, EV 90.6 MPH)
Batting: RHB Tyler Walker 0-0: Called Strike
0-1: Called Strike
0-2: Foul Ball, location: 2F
0-2: Ball
1-2: Ball
2-2: Strikes out looking
Top of the 8th over - 0 runs, 0 hits, 0 errors, 0 left on base; State College 4 - Williamsport 0
BOTTOM OF THE 8TH
Williamsport Crosscutters batting - Pitching for State College Spikes : LHP Carlos Salcido
Batting: LHB Eric Farren 0-0: Ball
1-0: Foul Ball, location: 2F
1-1: Ball
2-1: Ball
3-1: Swinging Strike
3-2: Foul Ball, location: 2F
3-2: Foul Ball, location: 2F
3-2: Strikes out swinging
Batting: RHB Allen Gravel 0-0: SINGLE (Flyball, 8RS, EV 92.5 MPH)
Batting: SHB Jeff Echt 0-0: Swinging Strike
0-1: Ball
1-1: Swinging Strike
1-2: Strikes out swinging
Batting: RHB Trent Hedrick 0-0: Foul Ball, location: 2F
0-1: Ball
1-1: Fly out, F9 (Flyball, 9, EV 93.1 MPH)
Bottom of the 8th over - 0 runs, 1 hit, 0 errors, 1 left on base; State College 4 - Williamsport 0
TOP OF THE 9TH
State College Spikes batting - Pitching for Williamsport Crosscutters : RHP Pat Stone
Pitching: RHP Masaji Ota
Batting: RHB Tim Cleary 0-0: Ball
1-0: Called Strike
1-1: Swinging Strike
1-2: Ground out 6-3 (Groundball, 6, EV 106.9 MPH)
Batting: RHB Richard Riggs 0-0: Called Strike
0-1: Ball
1-1: Foul Ball, location: 2F
1-2: Ball
2-2: Fly out, F9 (Flyball, 9LS, EV 96.9 MPH)
Batting: RHB Vic Nelson 0-0: Called Strike
0-1: Ball
1-1: Ball
2-1: Swinging Strike
2-2: SINGLE (Line Drive, 4D, EV 94.4 MPH)
Batting: RHB Fortunato Fteira 0-0: Foul Ball, location: 2F
0-1: Called Strike
0-2: Fly out, F4 (Line Drive, 4, EV 72.5 MPH)
Top of the 9th over - 0 runs, 1 hit, 0 errors, 1 left on base; State College 4 - Williamsport 0
BOTTOM OF THE 9TH
Williamsport Crosscutters batting - Pitching for State College Spikes : LHP Carlos Salcido
Pitching: LHP Kevin Turner
Batting: RHB Jake Cox 0-0: Foul Ball, location: 2F
0-1: Foul Ball, location: 2F
0-2: Strikes out swinging
Pinch Hitting: RHB Antonio Medina 0-0: Ball
1-0: Ball
2-0: Ball
3-0: Called Strike
3-1: Foul Ball, location: 2F
3-2: Foul Ball, location: 2F
3-2: Strikes out swinging
Batting: RHB Jimmy Misener 0-0: Fly out, F8 (Flyball, 8RD, EV 101.2 MPH)
Bottom of the 9th over - 0 runs, 0 hits, 0 errors, 0 left on base; State College 4 - Williamsport 0
Wednesday, June 22nd , 2022 - OOTP Baseball 23.4 Build 64